 Dungeon Crawl Stone Soup version 0.28-a0-622-gbaef9634d7 (webtiles) character file.

Game seed: 16926573408200757835

3731 ryw the Nimble (level 9, -1/74 HPs)
             Began as a Demonspawn Gladiator on Oct 6, 2021.
             Was a Believer of Okawaru.
             Slain by an ice beast (11 damage)
             ... on level 8 of the Dungeon on Oct 7, 2021.
             The game lasted 00:20:52 (8400 turns).

ryw the Nimble (Demonspawn Gladiator)               Turns: 8400, Time: 00:20:53

Health: -1/74      AC:  0    Str: 15    XL:     9   Next: 92%
Magic:  9/9        EV: 18    Int:  9    God:    Okawaru [**....]
Gold:   400        SH:  0    Dex: 20    Spells: 8/8 levels left

rFire   . . .      SeeInvis .   o - +2 dagger (venom)
rCold   . . .      Faith    .   (no shield)
rNeg    . . .      Spirit   .   y - +2 robe {Will+}
rPois   .          Reflect  .   b - +0 helmet
rElec   .          Harm     .   (no cloak)
rCorr   .          Rampage  .   q - +2 pair of gloves
Will    +....                   (no boots)
Stlth   +++++.....              k - amulet of the acrobat
HPRegen 0.22/turn               (no ring)
MPRegen 0.11/turn               (no ring)

@: corroded
A: thin skeletal structure 1, powered by death 2, spiny 2
a: Renounce Religion, Heroism


You were on level 8 of the Dungeon.
You worshipped Okawaru.
Okawaru was pleased with you.
You visited 2 branches of the dungeon, and saw 9 of its levels.

You collected 400 gold pieces.

Inventory:

Hand Weapons
 e - a +0 short sword of electrocution
 j - a +0 war axe
 o - a +2 dagger of venom (weapon)
Missiles
 c - 3 throwing nets
 i - 28 poisoned darts (quivered)
 m - 9 boomerangs
Armour
 b - a +0 helmet (worn)
 q - a +2 pair of gloves (worn)
 y - a +2 robe of willpower (worn)
Jewellery
 k - an amulet of the acrobat (around neck)
 E - an amulet of regeneration
Wands
 f - a wand of digging (7)
 l - a wand of iceblast (13)
 u - a wand of paralysis (16)
 B - a wand of polymorph (20)
 G - a wand of flame (25)
Scrolls
 a - a scroll of blinking {unknown}
 d - a scroll of noise {unknown}
 h - 4 scrolls of teleportation {unknown}
 n - 2 scrolls of immolation {unknown}
 p - 4 scrolls of fear {unknown}
 s - 4 scrolls of holy word
 t - a scroll of enchant weapon {unknown}
 x - 2 scrolls of identify
 C - a scroll of magic mapping
Potions
 g - 2 potions of might {unknown}
 r - a potion of ambrosia
 v - a potion of curing {unknown}
 w - a potion of attraction
 z - a potion of berserk rage {unknown}
 A - a potion of magic
 D - a potion of flight {unknown}
 F - a potion of heal wounds


   Skills:
 - Level 7.9 Fighting
 - Level 1.6 Short Blades
 - Level 2.9 Axes
 - Level 1.7 Throwing
 + Level 8.4 Dodging
 + Level 7.2 Stealth
 - Level 2.6 Unarmed Combat


You had 8 spell levels left.
You didn't know any spells.
Your spell library contained the following spells:

 Spells                   Type           Power      Damage    Failure   Level
 Sandblast                Erth           0%         2d4       38%         1
 Passwall                 Tmut/Erth      0%         N/A       52%         2
 Stone Arrow              Conj/Erth      0%         3d7       77%         3


Dungeon Overview and Level Annotations

Branches:
Dungeon (8/15)             Temple (1/1) D:5
   Lair: D:8-11

Altars:
Ashenzari
Cheibriados
Elyvilon
Fedhas
Gozag
Hepliaklqana
Kikubaaqudgha
Makhleb
Nemelex Xobeh
Okawaru
Qazlal
Ru
Sif Muna
Trog
Uskayaw
Vehumet
Wu Jian
Xom
Yredelemnul
Zin
The Shining One

Shops:
D:4 (


Innate Abilities, Weirdness & Mutations

You have a somewhat thin skeletal structure. (Dex +2, Stealth+)
You regenerate health from kills.
You are mostly covered in sharp spines.


Message History

The splash of acid hits you!! The acid corrodes you!
There is an open door here.
You hit the orc warrior but do no damage.
The orc warrior is struck by your spines.
The orc warrior misses you.
You hit the orc warrior but do no damage.
The orc warrior is poisoned.
The orc warrior is moderately wounded.
The orc warrior hits you with a +0 flail.
The ice beast is struck by your spines. The ice beast closely misses you.
You hit the orc warrior but do no damage.
The orc warrior looks as sick as possible!
The orc warrior is moderately wounded.
The orc warrior completely misses you.
You hit the orc warrior.
The orc warrior is moderately wounded.
The ice beast is struck by your spines. The ice beast misses you.
The acid dragon spits acid at you. The splash of acid hits you!!
* * * LOW HITPOINT WARNING * * *
The acid corrodes you!
The orc warrior hits you with a +0 flail!
* * * LOW HITPOINT WARNING * * *
Unknown command.
You hit the ice beast but do no damage.
The ice beast is lightly wounded.
The ice beast misses you.
You hit the ice beast but do no damage.
The ice beast is poisoned.
The ice beast is lightly wounded.
The ice beast barely misses you.
There is an open door here.
You kill the orc warrior!
Okawaru accepts your kill.
The ice beast looks more healthy.
You hit the ice beast but do no damage.
The ice beast is severely wounded.
The ice beast hits you.
* * * LOW HITPOINT WARNING * * *
The ice beast freezes you!
You die...

#................#.....
######'##........#...$.
#)#########.'..).. #.#
###..... #.# ..... #D#
..... #.# ###+# #Y# #@#
#.# #.# #.# #.# #.# #.#
#.################
#.................


You could see an acid dragon and an ice beast.

Vanquished Creatures
  Pikel (D:7)
  Maggie (D:7)
  Prince Ribbit (D:6)
  Sigmund (D:5)
  Eustachio (D:5)
  4 steam dragons
  2 black bears
  2 orc warriors
  2 ogres
  2 phantoms
  A kobold brigand (D:6)
  3 lemures (D:7)
  A scorpion (D:7)
  3 bullfrogs
  A wyvern skeleton (D:6)
  3 wights (D:7)
  A howler monkey (D:7)
  A bullfrog zombie (D:6)
  2 jellies
  2 centaur zombies (D:7)
  A centaur skeleton (D:5)
  A gnoll shaman (D:7)
  5 hounds
  3 iguanas
  2 orc wizards (D:6)
  3 hound skeletons
  A howler monkey zombie (D:8)
  8 gnolls
  2 adders
  A shadow imp (D:5)
  An ufetubus (D:6)
  4 worms
  7 dart slugs
  15 orcs
  8 endoplasms
  8 giant cockroaches
  16 hobgoblins
  2 jackals (D:5)
  9 quokkas
  3 ball pythons
  4 bats
  A frilled lizard (D:2)
  13 goblins
  12 kobolds
  5 rats
170 creatures vanquished.

Notes
Turn   | Place    | Note
-------+----------+-------------------------------------------
     0 | D:1      | ryw the Demonspawn Gladiator began the quest for the Orb.
     0 | D:1      | Reached XP level 1. HP: 16/16 MP: 1/1
   179 | D:1      | Gained mutation: You are partially covered in sharp spines.
                  | [demonic ancestry]
   179 | D:1      | Reached XP level 2. HP: 5/23 MP: 2/2
   715 | D:1      | HP: 1/24 [kobold (13)]
  1188 | D:1      | Gained mutation: You have a somewhat thin skeletal
                  | structure. (Dex +2, Stealth+) [demonic ancestry]
  1188 | D:1      | Reached XP level 3. HP: 29/29 MP: 3/3
  1227 | D:1      | Found a faded altar of an unknown god.
  1530 | D:2      | Upgraded the game from 0.28-a0-620-g539b0f7ac7 to
                  | 0.28-a0-622-gbaef9634d7
  1696 | D:2      | Noticed a black bear
  1715 | D:2      | Killed a black bear
  1716 | D:2      | Reached skill level 3 in Dodging
  1716 | D:2      | Gained mutation: You regenerate a little health from kills.
                  | [demonic ancestry]
  1716 | D:2      | Reached XP level 4. HP: 20/38 MP: 4/4
  1716 | D:2      | Reached XP level 5. HP: 22/43 MP: 5/5
  2608 | D:3      | Reached skill level 5 in Fighting
  3239 | D:4      | Reached skill level 1 in Stealth
  3239 | D:4      | Reached XP level 6. HP: 16/51 MP: 6/6
  3416 | D:4      | Reached skill level 1 in Short Blades
  3469 | D:4      | Reached skill level 4 in Dodging
  3667 | D:4      | Found Fiomoder's Weapon Emporium.
  3985 | D:5      | Entered Level 5 of the Dungeon
  4041 | D:5      | Noticed Sigmund
  4269 | D:5      | Killed Sigmund
  4270 | D:5      | Gained mutation: You are mostly covered in sharp spines.
                  | [demonic ancestry]
  4270 | D:5      | Reached XP level 7. HP: 57/57 MP: 7/7
  4490 | D:5      | Found a staircase to the Ecumenical Temple.
  4705 | D:5      | Reached skill level 5 in Dodging
  5004 | D:5      | Noticed Eustachio
  5014 | D:5      | Killed Eustachio
  5299 | D:6      | Reached XP level 8. HP: 60/65 MP: 8/8
  5335 | D:6      | Noticed Prince Ribbit
  5847 | D:6      | Killed Prince Ribbit
  5859 | D:6      | Reached skill level 6 in Dodging
  5859 | D:6      | Reached skill level 5 in Stealth
  6030 | Temple   | Entered the Ecumenical Temple
  6093 | Temple   | Became a worshipper of Warmaster Okawaru
  6956 | D:7      | Noticed Maggie
  6968 | D:7      | Noticed Pikel
  7049 | D:6      | Reached skill level 1 in Axes
  7050 | D:6      | Gained mutation: You regenerate health from kills. [demonic
                  | ancestry]
  7050 | D:6      | Reached XP level 9. HP: 48/73 MP: 9/9
  7196 | D:7      | Reached * piety under Okawaru
  7342 | D:7      | Reached skill level 7 in Dodging
  7578 | D:7      | Found an ornate altar of the Wu Jian Council.
  7615 | D:7      | Killed Maggie
  7615 | D:7      | Reached ** piety under Okawaru
  7718 | D:7      | Killed Pikel
  7719 | D:7      | Reached skill level 8 in Dodging
  8400 | D:8      | Slain by an ice beast

Illustrated notes

Levels and vault maps discovered:
D:1:      wander_arrival_chamber, layout_basic,
          shapermc_ecumenical_altar_acropolis
D:2:      layout_basic, basic_altar, grunt_decor_junction,
          kennysheep_cross_room, minmay_misc_feat_square, minmay_misc_feat_chi,
          hangedman_abyss_or_decor_lesser_grid
D:3:      cheibrodos_greedy_goblins, layout_basic
D:4:      layout_cave_pools, serial_shops, nicolae_shop_window_shopping,
          grunt_decor_fettered
D:5:      lemuel_ice_spiral_2, layout_basic,
          minmay_temple_entry_enclosed_plants, serial_glass, glass_columns_a,
          glass_columns_c, uniq_sigmund, uniq_eustachio
D:6:      layout_basic, solitary_fountain, item_on_display_a,
          uniq_prince_ribbit1
D:7:      layout_loops_corners, mainiacjoe_overflow_alcove_4, uniq_maggie,
          uniq_pikel
D:8:      layout_basic, kennysheep_small_square
Temple:   compressed_dpeg_triangle_lava_temple

Skill      XL: |  1  2  3  4  5  6  7  8  9 |
---------------+----------------------------+-----
Fighting       | 3 4 5 6 7 |  7.9
Dodging        | 3 4 5 6 8 |  8.4
Stealth        | 1 2 3 5 7 |  7.2
Short Blades   | 1 |  1.6
Axes           | 1 2 |  2.9
Throwing       | |  1.7
Unarmed Combat | |  2.6

Action                   |  1- 3 |  4- 6 |  7- 9 || total
-------------------------+-------+-------+-------++-------
Melee: Flail             |    34 |       |       ||    34
       Unarmed           |     4 |       |       ||     4
       Short sword       |    25 |    28 |     3 ||    56
       Punch             |     1 |     4 |     3 ||     8
       Dagger            |       |   107 |   181 ||   288
       War axe           |       |       |    26 ||    26
Throw: Dart              |     9 |       |    28 ||    37
       Boomerang         |       |       |     4 ||     4
  Use: Potion            |     1 |     4 |     1 ||     6
       Scroll            |       |       |     7 ||     7
 Stab: Sleeping          |     3 |     9 |    12 ||    24
Armor: Leather armour    |    20 |    30 |    11 ||    61
       Steam dragon scal |       |       |    22 ||    22
       Robe              |       |       |    15 ||    15
Dodge: Dodged            |    42 |    48 |   177 ||   267

Table legend: (Time is in decaauts)
 A = Elapsed time spent in this place.
 B = Non-inter-level travel time spent in this place.
 C = Inter-level travel time spent in this place.
 D = Time resting spent in this place.
 E = Time spent auto-exploring this place.
 F = Levels seen in this place.
 G = Mean time per level.
                   A        B        C        D        E       F      G
               +--------+--------+--------+--------+--------+-----+--------+
         Total |   8407 |   7995 |    412 |   1719 |   4723 |   9 |  934.1 |
       Dungeon |   8333 |   7930 |    403 |   1719 |   4677 |   8 | 1041.6 |
        Temple |     73 |     64 |      9 |      0 |     46 |   1 |   73.0 |
               +--------+--------+--------+--------+--------+-----+--------+

Top non-repeatable levels by time:
     D:5: 1490 daAuts
     D:1: 1489 daAuts
     D:6: 1441 daAuts
     D:7: 1146 daAuts
     D:2: 950 daAuts
     D:4: 827 daAuts
     D:3: 732 daAuts
     D:8: 255 daAuts
  Temple: 73 daAuts
